AoeStats
← Bainche

MegaRandom

503386016Analyzed
1v1 RM · 1mo ago on Aug 31, 2026· 98m 54s· 2 players
Game mode
Random Map
Map size
Tiny (2 player)
Population
200
Speed
Normal
Resources
Standard
Victory
Conquest
Starting age
Dark Age
Ending age
Imperial Age
RankedLock teamsTeams togetherTeam positionsShared explorationLock speedFull tech treeHidden civsTurbo modeCheats
Victory
Defeat
🇬🇧 Romans · United Kingdom
645
+18
🇫🇷 Byzantines · France
680
-32
Dragon_at_War
2:40 Loom
12:16 Feudal Age
14:18 Wheelbarrow
13:31 Double-Bit Axe
13:31 Horse Collar
15:13 Scale Mail Armor
15:14 Man-at-Arms
15:58 Town Watch
17:49 Forging
23:23 Fletching
28:54 Gold Mining
28:57 Stone Mining
38:35 Castle Age
39:51 Chain Mail Armor
40:17 Squires
39:39 Long Swordsman
41:23 Iron Casting
41:19 Bodkin Arrow
42:24 Murder Holes
42:51 Ballistics
43:35 Hand Cart
46:09 Guard Tower
46:43 Masonry
62:01 Imperial Age
59:35 Town Patrol
63:47 Blast Furnace
63:53 Chemistry
64:38 Architecture
64:19 Heavy Plow
67:54 Keep
67:26 Siege Engineers
73:04 Legionary
73:10 Capped Ram
76:56 Gold Shaft Mining
84:44 Scale Barding Armor
84:45 Husbandry
84:58 Bloodlines
84:15 Light Cavalry
84:24 Elite Centurion
85:33 Comitatenses
84:53 Sappers
85:44 Conscription
84:46 Spies/Treason
85:42 Siege Ram
89:15 Ballistas
90:08 Fortified Wall
Bainche
7:40 Loom
11:18 Feudal Age
11:46 Horse Collar
11:54 Double-Bit Axe
16:41 Stone Mining
16:44 Gold Mining
20:08 Castle Age
21:32 Bow Saw
21:35 Husbandry
21:56 Stone Mining
22:39 Light Cavalry
23:53 Crossbowman
25:55 Thumb Ring
30:02 Heavy Plow
30:53 Gold Shaft Mining
46:47 Fortified Wall
66:03 Redemption
Connection lost

Rejoining the realm…

Still unreachable

The connection could not be restored.

Session expired

The server has moved on; the page needs a fresh start.